 Dungeon Crawl Stone Soup version 0.31.0-11-ge490571c62 (webtiles) character file.

Game seed: 16218363499797484049

150 hawla the Shield-Bearer (level 5, 0/45 HPs)
             Began as a Minotaur Fighter on Feb 10, 2024.
             Succumbed to an orc wizard's poison
             ... on level 3 of the Dungeon.
             The game lasted 00:04:39 (1985 turns).

hawla the Shield-Bearer (Minotaur Fighter)          Turns: 1985, Time: 00:04:40

Health: 0/45       AC:  6    Str: 21 (22) XL:     5   Next: 10%
Magic:  4/4        EV: 10    Int:  8 (11) God:
Gold:   75         SH:  9    Dex:  7 (10) Spells: 4/4 levels left

rFire   + . .        a - +0 war axe
rCold   + . .        c - +0 buckler
rNeg    . . .        b - +0 scale mail
rPois   +            (helmet restricted)
rElec   +            (no cloak)
rCorr   +            (no gloves)
SInv    .            (no boots)
Will    .....        n - amulet of reflection Stlth
                     e - ring of flight
HPRegen 0.27/turn    m - +6 ring of intelligence
MPRegen 0.09/turn

%: reflection
@: mighty, lethally poisoned (0 -> -1), resistant, flying, hasted, studying
Armour, very quick
A: horns 2, retaliatory headbutt
a: no special abilities


You were on level 3 of the Dungeon.
You visited 1 branch of the dungeon, and saw 3 of its levels.

You collected 75 gold pieces.

Inventory:

Hand Weapons
 a - a +0 war axe (weapon)
Missiles
 i - 8 poisoned darts (quivered)
Armour
 b - a +0 scale mail (worn)
 c - a +0 buckler (worn)
Jewellery
 e - a ring of flight (left hand)
 f - a ring of ice
 m - a +6 ring of intelligence (right hand)
 n - an amulet of reflection (around neck)
 p - an amulet of magic regeneration
Wands
 j - a wand of flame (18)
Potions
 g - a potion of attraction


   Skills:
 - Level 3.6 Fighting
 + Level 4.1 Axes
 - Level 3.6 Armour
 - Level 3.0 Dodging
 - Level 5.0 Shields


You had 4 spell levels left.
You didn't know any spells.
Your spell library was empty.

Dungeon Overview and Level Annotations

Branches:
Dungeon (3/15)

Altars:


Innate Abilities, Weirdness & Mutations

You have a pair of horns on your head.
You reflexively headbutt those who attack you in melee.


Message History

You feel sick. You block something's attack.
You closely miss something. Your headbutt misses something.
You barely miss the orc. You miss something.
You feel sick. The orc hits you but does no damage. Something hits you.
* * * LOW HITPOINT WARNING * * *
Something hits you but does no damage.
You closely miss something. You barely miss something. You hit the orc.
You feel sick. The orc closely misses you.
Something hits you but does no damage. Something hits you.
* * * LOW HITPOINT WARNING * * *
You closely miss something. You hit the orc.
You kill the orc!
You barely miss something.
You feel sick. Something hits you.
* * * LOW HITPOINT WARNING * * *
Something hits you but does no damage.
Your Axes skill increases to level 4!
Unknown command.
You closely miss something. Your headbutt misses something.
You barely miss something.
You feel sick.
You hear some strange, mumbled words.
A magic dart appears from out of thin air!
The magic dart hits you.
* * * LOW HITPOINT WARNING * * *
Something hits you but does no damage.
You barely miss something. You slash something!
Reactivating autopickup.
You feel a bit more experienced.
* * * LOW HITPOINT WARNING * * *
You feel sick. Something hits you but does no damage.
Deactivating autopickup; reactivate with Ctrl-A.
Unknown command.
You closely miss something. Your headbutt misses something.
* * * LOW HITPOINT WARNING * * *
You feel sick.
You hear some strange, mumbled words.
A puff of flame appears from out of thin air!
The puff of flame hits you. You resist.
* * * LOW HITPOINT WARNING * * *
You miss something.
You die...

##### #...# #...#
#...####
##############...)..#
8.8.♣.8.8.8[8..){##..#
...............)@#
....
♣.8.8.8.♣.♣.8....#
###.
################## ..#
#.# #<## #...# #
#####.# # .....####


There were no monsters in sight!

Vanquished Creatures
  Jessica (D:2)
  Terence (D:2)
  An orc wizard (D:3)
  Ijyb (D:3)
  An adder (D:2)
  2 dart slugs (D:1)
  2 orcs (D:3)
  An endoplasm (D:1)
  5 giant cockroaches
  9 goblins
  2 hobgoblins
  2 jackals (D:1)
  3 quokkas
  4 ball pythons
  2 bats
  2 frilled lizards (D:1)
  6 kobolds
  5 rats
50 creatures vanquished.

Notes
Turn   | Place    | Note
-------+----------+-------------------------------------------
     0 | D:1      | hawla the Minotaur Fighter began the quest for the Orb.
     0 | D:1      | Reached XP level 1. HP: 19/19 MP: 0/0
   130 | D:1      | Reached skill level 1 in Dodging
   238 | D:1      | Reached XP level 2. HP: 26/26 MP: 1/1
   686 | D:1      | Reached XP level 3. HP: 31/31 MP: 2/2
   703 | D:2      | Identified a scroll of acquirement
   703 | D:2      | Acquired a manual of Armour
  1031 | D:2      | Reached skill level 4 in Shields
  1152 | D:2      | Noticed Terence
  1160 | D:2      | Killed Terence
  1161 | D:2      | Reached XP level 4. HP: 17/39 MP: 3/3
  1366 | D:2      | Reached skill level 5 in Shields
  1417 | D:2      | Noticed Jessica
  1423 | D:2      | Killed Jessica
  1805 | D:3      | Noticed Ijyb
  1827 | D:3      | Killed Ijyb
  1955 | D:3      | Reached XP level 5. HP: 45/45 MP: 4/4
  1983 | D:3      | HP: 2/45 [poisoned by an orc wizard]
  1985 | D:3      | Succumbed to an orc wizard's poison

Illustrated notes

Levels and vault maps discovered:
D:1:      scummos_arrival_simple_crosswalls, layout_loops_ring
D:2:      layout_loops_corners, kennysheep_jessica_study, uniq_jessica,
          uniq_terence
D:3:      layout_rooms, mainiacjoe_overflow_brackets, serial_shops, shop,
          chequers_avenue, uniq_ijyb, uniq_natasha

Skill      XL: |  1  2  3  4  5 |
---------------+----------------+-----
Dodging        | 1 3 |  3.0
Shields        | 4 5 |  5.0
Axes           | 3 4 |  4.1
Fighting       | |  3.6
Armour         | |  3.6

Action                     |  1- 3 |  4- 6 || total
---------------------------+-------+-------++-------
  Melee: War axe           |    69 |    48 ||   117
         Headbutt          |     5 |     5 ||    10
    Use: Scroll            |     1 |     5 ||     6
         Potion            |       |     7 ||     7
 Armour: Scale mail        |    44 |    64 ||   108
  Dodge: Dodged            |    29 |    10 ||    39
  Block: Buckler           |    32 |    18 ||    50
